 Dungeon Crawl Stone Soup version 0.20.0-15-g7f486f2 (webtiles) character file.

126 renl the Chopper (level 5, -3/46 HPs)
             Began as a Hill Orc Monk on July 1, 2017.
             Slain by a worker ant (4 damage)
             ... on level 3 of the Dungeon.
             The game lasted 00:07:53 (2186 turns).

renl the Chopper (Hill Orc Monk)                    Turns: 2186, Time: 00:07:53

Health: -3/46      AC:  4    Str: 15    XL:     5   Next: 9%
Magic:  5/5        EV: 12    Int: 10    God:
Gold:   121        SH:  0    Dex: 13    Spells: 4/4 levels left

rFire    . . .     SeeInvis .   a - +0 hand axe
rCold    . . .     Gourm    .   (no shield)
rNeg     . . .     Faith    .   l - +0 leather armour
rPois    .         Spirit   .   o - +0 helmet (curse)
rElec    .         Reflect  .   (no cloak)
rCorr    .         Harm     +   (no gloves)
MR       .....                  (no boots)
Stlth    ++........             g - amulet of harm
Regen    0.2/turn               (no ring)
MPRegen  0.1/turn               (no ring)

@: lethally poisoned (-3 -> -6)
A: no striking features
a: no special abilities


You were on level 3 of the Dungeon.
You were not hungry.

You visited 1 branch of the dungeon, and saw 3 of its levels.

You collected 121 gold pieces.

Inventory:

Hand Weapons
 a - a +0 hand axe (weapon)
Armour
 l - a +0 leather armour (worn)
 o - a cursed +0 helmet (worn)
Jewellery
 g - an amulet of harm (around neck)
Scrolls
 b - a scroll of recharging {unknown}
 h - 2 scrolls of immolation {unknown}
 j - a scroll of enchant armour {unknown}
 k - a scroll of fear {unknown}
 m - a scroll of enchant weapon {unknown}
Potions
 e - a potion of agility {unknown}
 i - 2 potions of might {unknown}
 n - a potion of curing {unknown}
Comestibles
 c - a bread ration
 d - 7 fruits
 f - 2 chunks of flesh


   Skills:
 + Level 4.3 Fighting
 * Level 6.8 Axes
 + Level 0.9 Armour
 - Level 2.4 Dodging
 - Level 1.5 Stealth


You had 4 spell levels left.
You didn't know any spells.

Dungeon Overview and Level Annotations

Branches:
Dungeon (3/15)

Altars:
Dithmenos
Qazlal
Vehumet

Annotations:
D:3 Grinder


Message History

You feel sick. The goblin closely misses you. The worker ant bites you.
* * * LOW HITPOINT WARNING * * *
You slash the orc wizard!
The orc wizard is severely wounded.
You barely miss the worker ant. You completely miss the goblin.
You hit the orc but do no damage.
The orc wizard points at you and mumbles some strange words.
The magic dart hits you!
* * * LOW HITPOINT WARNING * * *
The orc closely misses you. The worker ant bites you.
* * * LOW HITPOINT WARNING * * *
You hit the orc wizard.
You kill the orc wizard!
You have reached level 5!
You feel stronger.
You closely miss the orc. You barely miss the worker ant. You hit the goblin.
You kill the goblin!
* * * LOW HITPOINT WARNING * * *
You feel sick. The worker ant bites you.
You die...

...#..#.##..# ..
#..##...#...##.#
#......<.......##
##..............>
......(.........
##............#
##..........##
##.....)a.###.#
##....@g....%#
#....)o..##..
#........#
#........#
#.......$.#
#.......#...
#.......####.
#.......#


You could see a worker ant, an orc and a hobgoblin.

Vanquished Creatures
  An orc wizard (D:3)
  Robin (D:2)
  2 adders (D:2)
  4 dart slugs
  2 orcs (D:3)
  A bat (D:2)
  2 giant cockroaches
  11 goblins
  4 hobgoblins
  11 jackals
  A quokka (D:2)
  A ball python (D:2)
  3 frilled lizards (D:2)
  2 kobolds (D:1)
  17 rats
63 creatures vanquished.

Notes
Turn   | Place    | Note
-------+----------+-------------------------------------------
     0 | D:1      | renl the Hill Orc Monk began the quest for the Orb.
     0 | D:1      | Reached XP level 1. HP: 19/19 MP: 1/1
   228 | D:1      | Reached XP level 2. HP: 27/27 MP: 2/2
   566 | D:1      | Reached skill level 5 in Axes
   568 | D:1      | Reached XP level 3. HP: 24/33 MP: 3/3
   990 | D:2      | Found a radiant altar of Vehumet.
  1382 | D:2      | Found a shadowy altar of Dithmenos.
  1389 | D:2      | Reached XP level 4. HP: 32/40 MP: 4/4
  1583 | D:2      | Reached skill level 6 in Axes
  1764 | D:2      | Noticed Robin
  1786 | D:2      | Killed Robin
  1944 | D:2      | Found a stormy altar of Qazlal.
  2051 | D:3      | Noticed Grinder
  2185 | D:3      | HP: 2/40 [worker ant (6)]
  2186 | D:3      | Reached XP level 5. HP: 2/46 MP: 5/5
  2186 | D:3      | Slain by a worker ant

Skill      XL: |  1  2  3  4 |
---------------+-------------+-----
Fighting       | 4 |  4.3
Axes           | 5 6 |  6.8
Armour         | |  0.9
Dodging        | |  2.4
Stealth        | |  1.5

Action                   |  1- 3 |  4- 6 || total
-------------------------+-------+-------++-------
Melee: Hand axe          |   123 |    75 ||   198
 Stab: Sleeping          |    10 |     1 ||    11
  Eat: Chunk             |     2 |     2 ||     4
Armor: Robe              |    10 |       ||    10
       Leather armour    |     5 |    15 ||    20
Dodge: Dodged            |    87 |    40 ||   127
